 Dungeon Crawl Stone Soup version 0.29-a0-359-g541a27f54d (webtiles) character file.

Game seed: 13873105818093226278

62 IdlyInterested the Slasher (level 3, -2/27 HPs)
             Began as a Demonspawn Gladiator on Apr 27, 2022.
             Slain by an ogre
             ... wielding a +0 giant spiked club
              (29 damage)
             ... on level 3 of the Dungeon.
             The game lasted 00:03:24 (2165 turns).

IdlyInterested the Slasher (Demonspawn Gladiator)   Turns: 2165, Time: 00:03:24

Health: -2/27      AC:  6    Str: 14    XL:     3   Next: 85%
Magic:  3/3        EV: 12    Int:  9    God:
Gold:   95         SH:  0    Dex: 16    Spells: 2/2 levels left

rFire   . . .      SeeInvis .   a - +0 long sword
rCold   . . .      Faith    .   (no shield)
rNeg    . . .      Spirit   .   j - +0 ring mail
rPois   .          Reflect  .   c - +0 helmet
rElec   .          Harm     .   (no cloak)
rCorr   +          Rampage  .   (no gloves)
Will    .....                   (no boots)
Stlth   +.........              (no amulet)
HPRegen 0.09/turn               o - ring of resist corrosion
MPRegen 0.08/turn               (no ring)

@: no status effects
A: claws 1
a: no special abilities


You were on level 3 of the Dungeon.
You visited 1 branch of the dungeon, and saw 3 of its levels.

You collected 95 gold pieces.

Inventory:

Hand Weapons
 a - a +0 long sword (weapon)
Missiles
 d - 3 throwing nets
 e - a javelin
 f - 241 stones (quivered)
Armour
 b - a +0 leather armour
 c - a +0 helmet (worn)
 j - a +0 ring mail (worn)
Jewellery
 o - a ring of resist corrosion (left claw)
Scrolls
 g - a scroll of amnesia {unknown}
 i - a scroll of holy word {unknown}
 k - a scroll of noise {unknown}
 l - a scroll of teleportation {unknown}
 n - a scroll of blinking {unknown}
 p - a scroll of enchant weapon {unknown}
 r - a scroll of identify {unknown}
Potions
 h - a potion of attraction {unknown}
 m - a potion of brilliance {unknown}
 q - a potion of lignification {unknown}


   Skills:
 - Level 2.0 Fighting
 * Level 3.3 Long Blades
 - Level 1.7 Throwing
 * Level 3.3 Dodging
 * Level 1.9 Stealth


You had 2 spell levels left.
You didn't know any spells.
Your spell library contained the following spells:

 Spells                   Type           Power      Damage    Failure   Level
 Freeze                   Ice            0%         1d3       63%         1
 Corpse Rot               Necr/Air       0%         N/A       77%         2
 Poisonous Vapours        Pois/Air       0%         N/A       77%         2
 Frozen Ramparts          Ice            0%         1d2       94%         3
 Ozocubu's Armour         Ice            0%         N/A       94%         3
 Hailstorm                Conj/Ice       0%         3d3       100%        4
 Ozocubu's Refrigeration  Ice            0%         4d5       100%        7


Dungeon Overview and Level Annotations

Branches:
Dungeon (3/15)

Altars:
Sif Muna


Innate Abilities, Weirdness & Mutations

You have sharp fingernails.


Message History

You closely miss the frilled lizard. The frilled lizard closely misses you.
You hit the frilled lizard.
The frilled lizard is heavily wounded.
The frilled lizard bites you but does no damage.
The frilled lizard closely misses you.
You hit the frilled lizard.
You kill the frilled lizard!
You start resting.
HP restored.
q - a pink potion
Found an escape hatch in the ceiling.
f - 245 stones (gained 18)
r - a scroll labelled TIOMIS CUSEGG An ogre comes into view.
It is wielding a +0 giant spiked club.
Found a shimmering blue altar of Sif Muna.
Throw: 245 stones
Press: ? - help, Q - select action, (/) - cycle Shift-Dir - straight line, f - ogre
Aim: an ogre, wielding a +0 giant spiked club (75% to hit)
You throw a stone.
The stone hits the ogre but does no damage.
Throw: 244 stones
Press: ? - help, Q - select action, (/) - cycle Shift-Dir - straight line, f/p - ogre
Aim: an ogre, wielding a +0 giant spiked club (75% to hit)
You throw a stone. The stone hits the ogre.
The ogre is lightly wounded.
Throw: 243 stones
Press: ? - help, Q - select action, (/) - cycle Shift-Dir - straight line, f/p - ogre
Aim: an ogre, wielding a +0 giant spiked club (lightly wounded, 75% to hit)
You throw a stone. The stone hits the ogre.
The ogre is lightly wounded.
Throw: 242 stones
Press: ? - help, Q - select action, (/) - cycle Shift-Dir - straight line, f/p - ogre
Aim: an ogre, wielding a +0 giant spiked club (lightly wounded, 75% to hit)
You throw a stone.
The stone hits the ogre but does no damage.
The ogre is lightly wounded.
The ogre attacks as you move away!
The ogre hits you with a +0 giant spiked club!!
Ouch! That really hurt!
You die...

≈§≈≈.. .≈≈.#
.≈≈.# #
.?..###.#
#........
#...((..#
#.O(....# #@#
#... #.# ...
#.# #..
####.#### ##..
#.......#
..#.##......<#
#.#..#.......#
#.##.#.......#
#.##.........#


You could see an ogre.

Vanquished Creatures
  3 adders
  A worm (D:2)
  A dart slug (D:1)
  3 endoplasms (D:1)
  2 giant cockroaches
  2 goblins
  3 jackals (D:1)
  A quokka (D:1)
  5 ball pythons
  3 bats
  3 frilled lizards
  4 kobolds
  3 rats
34 creatures vanquished.

Notes
Turn   | Place    | Note
-------+----------+-------------------------------------------
     0 | D:1      | IdlyInterested the Demonspawn Gladiator began the quest for
                  | the Orb.
     0 | D:1      | Reached XP level 1. HP: 16/16 MP: 1/1
   127 | D:1      | Gained mutation: You have sharp fingernails. [demonic
                  | ancestry]
   127 | D:1      | Reached XP level 2. HP: 2/22 MP: 2/2
   709 | D:1      | Reached skill level 1 in Stealth
  1186 | D:1      | Found a faded altar of an unknown god.
  1482 | D:2      | Reached XP level 3. HP: 26/27 MP: 3/3
  1525 | D:2      | Found a shimmering blue altar of Sif Muna.
  2160 | D:3      | Found a shimmering blue altar of Sif Muna.
  2160 | D:3      | Noticed an ogre
  2165 | D:3      | Slain by an ogre

Illustrated notes

Levels and vault maps discovered:
D:1:      noname_arrival_rooms_in_the_neighbourhood, layout_loops_ring,
          hellmonk_ecumenical_altar_leap_of_faith
D:2:      layout_loops_cross, basic_altar
D:3:      layout_basic, nicolae_sif_muna_condensation, grunt_decor_one_mirror,
          minmay_checkerbox

Skill      XL: |  1  2 |
---------------+-------+-----
Stealth        | 1 |  1.9
Long Blades    | 3 |  3.3
Dodging        | 3 |  3.3
Fighting       | |  2.0
Throwing       | |  1.7

Action                   || total
-------------------------++-------
Melee: Long sword        ||   114
       Punch             ||     2
Throw: Stone             ||     9
 Stab: Sleeping          ||     1
Armor: Leather armour    ||     9
       Ring mail         ||    50
Dodge: Dodged            ||    90

Table legend: (Time is in decaauts)
 A = Elapsed time spent in this place.
 B = Non-inter-level travel time spent in this place.
 C = Inter-level travel time spent in this place.
 D = Time resting spent in this place.
 E = Time spent auto-exploring this place.
 F = Levels seen in this place.
 G = Mean time per level.
                   A        B        C        D        E       F      G
               +--------+--------+--------+--------+--------+-----+--------+
         Total |   2192 |   2154 |     38 |    648 |   1103 |   3 |  730.7 |
       Dungeon |   2192 |   2154 |     38 |    648 |   1103 |   3 |  730.7 |
               +--------+--------+--------+--------+--------+-----+--------+

Top non-repeatable levels by time:
     D:1: 1291 daAuts
     D:2: 659 daAuts
     D:3: 242 daAuts
